 Dungeon Crawl Stone Soup version 0.28-a0-769-g550dbda0cd (webtiles) character file.

Game seed: 12598806395620651370

54 demibob the Chopper (level 3, -2/31 HPs)
             Began as a Hill Orc Fighter on Oct 31, 2021.
             Slain by an adder (4 damage)
             ... on level 2 of the Dungeon.
             The game lasted 00:02:42 (1651 turns).

demibob the Chopper (Hill Orc Fighter)              Turns: 1651, Time: 00:02:43

Health: -2/31      AC:  6    Str: 18    XL:     3   Next: 91%
Magic:  3/3        EV:  9    Int:  8    God:
Gold:   47         SH:  4    Dex: 11    Spells: 2/2 levels left

rFire   . . .      SeeInvis .   a - +0 war axe
rCold   . . .      Faith    .   c - +0 buckler
rNeg    . . .      Spirit   .   b - +0 scale mail
rPois   .          Reflect  .   (no helmet)
rElec   .          Harm     .   (no cloak)
rCorr   .          Rampage  .   (no gloves)
Will    .....                   (no boots)
Stlth   ..........              (no amulet)
HPRegen 0.10/turn               (no ring)
MPRegen 0.08/turn               (no ring)

@: lethally poisoned (-2 -> -6), attractive
A: no striking features
a: no special abilities


You were on level 2 of the Dungeon.
You visited 1 branch of the dungeon, and saw 2 of its levels.

You collected 47 gold pieces.


   Skills:
 - Level 3.6 Fighting
 + Level 4.7 Axes
 - Level 3.2 Armour
 - Level 4.0 Shields


You had 2 spell levels left.
You didn't know any spells.
Your spell library was empty.

Inventory:

Hand Weapons
 a - a +0 war axe (weapon)
Armour
 b - a +0 scale mail (worn)
 c - a +0 buckler (worn)
Scrolls
 f - a scroll of identify {unknown}
Potions
 d - a potion of might
 e - a potion of attraction

Dungeon Overview and Level Annotations

Branches:
Dungeon (2/15)

Altars:

# #.# ..
.#### ...##
.# ..... ...#
.# ..... .
#..# #.##
#.### ..
#..## ...####
.. #...
....?..
#.##..###S..#
#.##
#.......@..#
...#
####..######
#..# #.....#
...# #....##
##.# #...## #
#...#
##.#<####..##
#..........#
..#####.####


You could see an adder.


Message History

You feel sick.
You are no longer poisoned.
The adder bites you but does no damage. x2
You barely miss the adder.
The adder is almost dead.
The adder bites you.
* * * LOW HITPOINT WARNING * * *
You are poisoned.
The adder poisons you!
You barely miss the adder.
The adder is almost dead.
You feel sick. You block the adder's attack. The adder barely misses you.
Unknown command.
You closely miss the adder.
The adder is almost dead.
You feel sick. The adder bites you but does no damage.
The adder barely misses you.
Unknown command.
Unknown command.
It was a potion of attraction.
You feel attractive to monsters.
You feel sick. The adder bites you.
* * * LOW HITPOINT WARNING * * *
You are lethally poisoned!
The adder poisons you!
You closely miss the adder.
The adder is almost dead.
* * * LOW HITPOINT WARNING * * *
You feel sick. The adder bites you.
You die...

Skill      XL: |  1  2  3 |
---------------+----------+-----
Axes           | 3 4 |  4.7
Shields        | 4 |  4.0
Fighting       | |  3.6
Armour         | |  3.2

Action                   || total
-------------------------++-------
Melee: War axe           ||   172
  Use: Potion            ||     1
Armor: Scale mail        ||    88
Dodge: Dodged            ||    89
Block: Buckler           ||    48

Levels and vault maps discovered:
D:1:      dpeg_cavernosity, layout_basic
D:2:      minmay_evil_eye, layout_loops_ring, uniq_sigmund

Notes
Turn   | Place    | Note
-------+----------+-------------------------------------------
     0 | D:1      | demibob the Hill Orc Fighter began the quest for the Orb.
     0 | D:1      | Reached XP level 1. HP: 19/19 MP: 1/1
   197 | D:1      | Reached skill level 3 in Axes
   380 | D:1      | Reached XP level 2. HP: 26/26 MP: 2/2
   704 | D:1      | Reached skill level 4 in Shields
   704 | D:1      | Reached XP level 3. HP: 29/31 MP: 3/3
   878 | D:1      | Reached skill level 4 in Axes
  1650 | D:2      | HP: 3/31 [adder (3)]
  1651 | D:2      | Slain by an adder

Vanquished Creatures
  A worm (D:2)
  3 dart slugs (D:1)
  3 giant cockroaches (D:1)
  4 goblins (D:1)
  4 hobgoblins (D:1)
  7 jackals (D:1)
  3 quokkas (D:1)
  A ball python (D:1)
  4 bats
  A frilled lizard (D:1)
  4 kobolds (D:1)
  6 rats (D:1)
41 creatures vanquished.

Table legend: (Time is in decaauts)
 A = Elapsed time spent in this place.
 B = Non-inter-level travel time spent in this place.
 C = Inter-level travel time spent in this place.
 D = Time resting spent in this place.
 E = Time spent auto-exploring this place.
 F = Levels seen in this place.
 G = Mean time per level.
                   A        B        C        D        E       F      G
               +--------+--------+--------+--------+--------+-----+--------+
         Total |   1704 |   1657 |     47 |      0 |   1343 |   2 |  852.0 |
       Dungeon |   1704 |   1657 |     47 |      0 |   1343 |   2 |  852.0 |
               +--------+--------+--------+--------+--------+-----+--------+

Top non-repeatable levels by time:
     D:1: 1602 daAuts
     D:2: 101 daAuts

Table legend:
 A = Non-vault XP
 B = Vault XP
 C = Vault XP percentage of total XP
 D = Non-vault monster count
 E = Vault monster count
 F = Vault count percentage of total count
                 A         B        C        D         E       F
            +---------+---------+-------+---------+---------+-------
      Total |      71 |       7 |   9.0 |      37 |       4 |   9.8
            +---------+---------+-------+---------+---------+-------
        D:1 |      64 |       7 |   9.9 |      35 |       4 |  10.3
        D:2 |       7 |       0 |   0.0 |       2 |       0 |   0.0
            +---------+---------+-------+---------+---------+-------
